 Dungeon Crawl Stone Soup version 0.23-b1-67-g8bd44de (webtiles) character file.

Game seed: 4802224121267004142

2265 Folque the Magician (level 9, -2/57 HPs)
             Began as an Octopode Wizard on Feb 5, 2019.
             Was an Initiate of Sif Muna.
             Shot with a sling bullet by Joseph (13 damage)
             ... on level 7 of the Dungeon.
             The game lasted 00:29:43 (8302 turns).

Folque the Magician (Octopode Wizard)               Turns: 8302, Time: 00:29:44

Health: -2/57      AC:  1    Str:  7    XL:     9   Next: 38%
Magic:  12/18      EV: 15    Int: 23    God:    Sif Muna [......]
Gold:   230        SH:  0    Dex: 10    Spells: 2/20 levels left

rFire    . . .     SeeInvis .   b - +2 hand axe (chop)
rCold    . . .     Gourm    .   (no shield)
rNeg     . . .     Faith    .   a - +0 hat
rPois    .         Spirit   .   (no amulet)
rElec    .         Reflect  .   (no ring)
rCorr    .         Harm     .   (no ring)
MR       .....                  (no ring)
Stlth    +++.......             (no ring)
HPRegen  0.19/turn              (no ring)
MPRegen  0.16/turn              (no ring)
                                (no ring)
                                (no ring)

@: no status effects
A: almost no armour, stealthy swim, amphibious, 8 rings, constrict 8, camouflage
1, gelatinous body 1
a: Renounce Religion


You were on level 7 of the Dungeon.
You worshipped Sif Muna.
Sif Muna was noncommittal.
You were not hungry.

You visited 2 branches of the dungeon, and saw 8 of its levels.

You collected 230 gold pieces.

Inventory:

Hand Weapons
 b - a +2 hand axe of chopping (weapon)
 d - a +0 dagger
 p - a +0 short sword
 x - a +0 falchion of slicing
 y - a +4 hand axe
 J - a +0 hunting sling of freezing
Missiles
 f - 8 javelins (quivered)
 E - a throwing net
Armour
 a - a +0 hat (worn)
Jewellery
 G - an uncursed ring of resist corrosion {unknown}
Wands
 B - a wand of acid (6)
 C - a wand of digging (2)
 F - a wand of paralysis (6)
 H - a wand of random effects (10)
Scrolls
 g - a scroll of noise {unknown}
 h - a scroll of immolation {unknown}
 j - 4 scrolls of teleportation
 k - 3 scrolls of magic mapping {unknown}
 m - 4 scrolls of fear {unknown}
 n - 3 scrolls of enchant weapon {unknown}
 o - 3 scrolls of enchant armour {unknown}
 t - 2 scrolls of remove curse
 w - a scroll of fog {unknown}
 I - 2 scrolls of identify
Potions
 e - 4 potions of curing
 i - 3 potions of heal wounds {unknown}
 l - a potion of brilliance {unknown}
 q - 5 potions of mutation
 r - a potion of magic {unknown}
 s - 2 potions of flight {unknown}
 u - a potion of agility {unknown}
 v - 4 potions of haste {unknown}
 z - 3 potions of resistance
 A - a potion of degeneration {unknown}
 D - a potion of might {unknown}
 K - a potion of lignification {unknown}
Comestibles
 c - 12 rations
 L - 2 chunks of flesh


   Skills:
 - Level 3.2 Fighting
 - Level 5.0 Dodging
 - Level 4.2 Stealth
 + Level 6.4 Spellcasting
 - Level 4.0 Conjurations
 - Level 1.0 Summonings
 * Level 6.3 Necromancy
 - Level 1.0 Translocations
 - Level 2.1 Fire Magic
 - Level 1.0 Air Magic
 - Level 2.0 Poison Magic


You had 2 spell levels left.
You knew the following spells:

 Your Spells              Type           Power        Failure   Level  Hunger
a - Magic Dart            Conj           ####         1%          1    None
b - Call Imp              Summ           ##......     9%          2    None
c - Blink                 Tloc           N/A          9%          2    None
d - Mephitic Cloud        Conj/Pois/Air  ###.....     9%          3    #......
e - Conjure Flame         Conj/Fire      ###.....     7%          3    #......
f - Regeneration          Chrm/Necr      ###.......   7%          3    #......
g - Animate Dead          Necr           N/A          6%          4    ###....

Your spell library contained the following spells:

 Spells                   Type           Power        Failure   Level  Hunger
 Animate Skeleton         Necr           N/A          1%          1    None
 Pain                     Necr           ####         1%          1    None
 Confusing Touch          Hex            #.....       9%          1    None
 Slow                     Hex            #.......     12%         2    None
 Vampiric Draining        Necr           #####.....   1%          3    #......
 Gell's Gravitas          Tloc           ##........   16%         3    #......
 Confuse                  Hex            #.......     24%         3    #......
 Petrify                  Tmut/Erth      #.......     63%         4    ###....
 Metabolic Englaciation   Hex/Ice        #.........   92%         5    #####..
 Yara's Violent Unravell  Hex/Tmut       #.........   92%         5    #####..


Dungeon Overview and Level Annotations

Branches:
Dungeon (7/15)             Temple (1/1) D:7

Altars:
Cheibriados
Dithmenos
Elyvilon
Hepliaklqana
Nemelex Xobeh
Okawaru
Qazlal
Ru
Sif Muna
Trog
Uskayaw
Vehumet
Xom
Yredelemnul
Zin
The Shining One

Shops:
D:6 =

Annotations:
D:5 Grinder
D:7 Joseph


Innate Abilities, Weirdness & Mutations

You cannot wear most types of armour.
You are very stealthy in the water. (Stealth+)
You are amphibious.
You can wear up to eight rings at the same time.
You can use your tentacles to constrict eight enemies at once.
Your skin changes colour to match your surroundings (Stealth+).
Your rubbery body absorbs attacks. (AC +1, EV +1)


Message History

Joseph is moderately wounded.
You constrict Joseph.
Joseph seems less confused.
Joseph barely misses you.
Casting: Mephitic Cloud (safe; 9% risk of failure)
Confirm with . or Enter, or press ? or * to list all spells.
You blink.
You lose your grip on Joseph.
Joseph unwields a +0 quarterstaff.
Joseph wields a +0 hunting sling.
Joseph shoots a sling bullet.
The sling bullet hits you!
* * * LOW HITPOINT WARNING * * *
Casting: Blink (safe; 9% risk of failure)
Confirm with . or Enter, or press ? or * to list all spells.
Aiming: Mephitic Cloud (safe; 9% risk of failure)
Press: ? - help, Shift-Dir - straight line, f/p - Joseph
Aim: Joseph, wielding a +0 hunting sling and wearing a +0 leather armour (moderately wounded)
The ball explodes into a vile cloud!
The stinking cloud engulfs Joseph but does no damage.
Joseph is moderately wounded.
You hear a shout!
Joseph is engulfed in noxious fumes.
Joseph shoots a sling bullet.
The sling bullet hits you!
You die...

#.##.##########.### #.##...#
#####.@e....(....#...#
#.##.#.# ?>.e...#5.(@####
#.8○# ##.##.#.#
....@.#####(# #.§@#
##...#.#.# #.##.## #(#
###○####......#.# # #.#
#.#####.(..)........[.# #.#
#...)...###.##......###
#.######..###(.(...###...#.#
#.........# #@.##### ##.##.#
#.......(.###..# #.# .#
#.######......### #.# ...#
#.....[..# #.# ..####
########.# #.# # #.#######.#
#.......).# ###########


You could see Joseph.

Vanquished Creatures
  Sigmund (D:2)
  3 orc warriors (D:6)
  Duvessa (D:7)
  A sky beast (D:6)
  A black bear (D:7)
  3 ogres
  A centaur (D:7)
  3 bullfrogs
  Dowan (D:7)
  2 scorpions
  A jelly (D:5)
  A centaur zombie (D:6)
  A hound (D:5)
  2 orc priests (D:6)
  An orc wizard (D:5)
  Terence (D:2)
  Jessica (D:2)
  Natasha (thrice) (D:2)
  5 worker ants
  2 hound zombies (D:5)
  2 gnolls (D:6)
  10 adders
  An ooze (D:1)
  An adder skeleton (D:6)
  2 worms
  7 dart slugs
  2 leopard geckos
  12 orcs
  2 giant cockroaches
  7 goblins
  5 hobgoblins
  4 jackals (D:4)
  9 kobolds
  2 quokkas
  A ball python (D:4)
  6 bats
  4 frilled lizards
  A jackal skeleton (D:6)
  8 rats
121 creatures vanquished.

Vanquished Creatures (collateral kills)
  An ice beast (D:7)
  A phantom (D:5)
  An ogre (D:7)
  2 bullfrogs (D:6)
  2 worker ants
  2 gnolls (D:6)
  An adder (D:4)
  A worm (D:2)
  A kobold (D:2)
12 creatures vanquished.

Grand Total: 133 creatures vanquished

Notes
Turn   | Place    | Note
-------+----------+-------------------------------------------
     0 | D:1      | Folque the Octopode Wizard began the quest for the Orb.
     0 | D:1      | Reached XP level 1. HP: 11/11 MP: 4/4
   260 | D:1      | Reached skill level 1 in Fighting
   260 | D:1      | Reached XP level 2. HP: 14/18 MP: 1/6
   264 | D:1      | Learned a level 2 spell: Call Imp
   267 | D:1      | Learned a level 2 spell: Blink
   796 | D:1      | Reached XP level 3. HP: 15/24 MP: 7/7
   804 | D:1      | Learned a level 3 spell: Mephitic Cloud
  1134 | D:2      | Reached skill level 1 in Poison Magic
  1461 | D:2      | Noticed Jessica
  1464 | D:2      | Noticed Sigmund
  1470 | D:2      | Noticed Natasha
  1476 | D:2      | Killed Natasha
  1476 | D:2      | Reached XP level 4. HP: 24/29 MP: 1/9
  1570 | D:2      | Reached skill level 1 in Air Magic
  1627 | D:2      | Noticed Terence
  1640 | D:2      | Killed Terence
  1763 | D:2      | Reached XP level 5. HP: 34/34 MP: 10/10
  2025 | D:2      | Killed Jessica
  2120 | D:2      | Learned a level 3 spell: Conjure Flame
  2437 | D:2      | Noticed Natasha
  2445 | D:2      | Killed Natasha
  2558 | D:2      | Noticed Natasha
  2570 | D:2      | Killed Natasha
  2729 | D:2      | Killed Sigmund
  2729 | D:2      | Reached skill level 1 in Fire Magic
  2729 | D:2      | Reached XP level 6. HP: 38/39 MP: 9/12
  2959 | D:3      | Found an iron altar of Okawaru.
  3505 | D:3      | Found a glowing golden altar of the Shining One.
  3629 | D:3      | Found a snail-covered altar of Cheibriados.
  3767 | D:4      | Reached XP level 7. HP: 33/45 MP: 2/13
  4078 | D:4      | HP: 2/45 [poisoned by a worker ant]
  4086 | D:4      | HP: 1/45 [poisoned by a worker ant]
  4814 | D:5      | Entered Level 5 of the Dungeon
  4816 | D:5      | Noticed Grinder
  5135 | D:5      | HP: 2/45 [acid (8)]
  5519 | D:5      | Learned a level 3 spell: Regeneration
  5623 | D:5      | Reached skill level 1 in Necromancy
  5793 | D:5      | Reached XP level 8. HP: 44/52 MP: 1/14
  5794 | D:5      | Paralysed by Grinder for 4 turns
  5963 | D:6      | Found Naytsek's Jewellery Shoppe.
  6298 | D:6      | Reached skill level 5 in Spellcasting
  6320 | D:6      | Reached skill level 5 in Dodging
  6831 | D:6      | HP: 1/52 [orc warrior/+0 hand axe (10)]
  7183 | D:6      | Found a hazy altar of Hepliaklqana.
  7187 | D:6      | Found a stormy altar of Qazlal.
  7301 | D:6      | Reached XP level 9. HP: 57/57 MP: 14/17
  7315 | D:6      | Learned a level 4 spell: Animate Dead
  7425 | D:6      | Reached skill level 5 in Necromancy
  7632 | D:7      | Found a staircase to the Ecumenical Temple.
  7745 | Temple   | Entered the Ecumenical Temple
  7931 | Temple   | Became a worshipper of Sif Muna the Loreminder
  7997 | D:7      | Noticed Duvessa
  7997 | D:7      | Noticed Dowan
  8004 | D:7      | Noticed Joseph
  8022 | D:7      | Killed Duvessa
  8068 | D:7      | Killed Dowan
  8302 | D:7      | Shot with a sling bullet by Joseph

Skill      XL: |  1  2  3  4  5  6  7  8  9 |
---------------+----------------------------+-----
Fighting       | 1 2 3 |  3.2
Poison Magic   | 2 |  2.0
Air Magic      | 1 |  1.0
Stealth        | 3 4 |  4.2
Spellcasting   | 4 5 6 |  6.4
Conjurations   | 3 4 |  4.0
Dodging        | 3 4 5 |  5.0
Fire Magic     | 1 2 |  2.1
Necromancy     | 2 4 6 |  6.3
Summonings     | |  1.0
Translocations | |  1.0

Action                   |  1- 3 |  4- 6 |  7- 9 || total
-------------------------+-------+-------+-------++-------
Melee: Dagger            |    31 |       |       ||    31
       Unarmed           |     3 |       |       ||     3
       Tentacles         |     5 |    12 |    27 ||    44
       Constrict         |    10 |    29 |    43 ||    82
       Short sword       |    20 |   109 |     5 ||   134
       Hand axe          |       |       |   142 ||   142
Throw: Javelin           |       |       |     3 ||     3
 Cast: Magic Dart        |    11 |     5 |    32 ||    48
       Mephitic Cloud    |     2 |     8 |    26 ||    36
       Call Imp          |       |     3 |    21 ||    24
       Conjure Flame     |       |     2 |     7 ||     9
       Blink             |       |       |     7 ||     7
       Animate Dead      |       |       |     6 ||     6
       Regeneration      |       |       |     1 ||     1
Evoke: Wand              |       |       |     3 ||     3
  Use: Scroll            |       |     4 |     2 ||     6
 Stab: Sleeping          |    14 |    13 |     4 ||    31
       Confused          |       |     7 |     6 ||    13
       Distracted        |       |       |     1 ||     1
  Eat: Chunk             |     2 |     8 |    13 ||    23
       Ration            |       |       |     1 ||     1
Armor: Skin              |     1 |     4 |     3 ||     8
Dodge: Dodged            |    24 |    54 |   112 ||   190
